 Dungeon Crawl Stone Soup version 0.25.1-2-g60ff931df9 (webtiles) character file.

Game seed: 16345916544334741041

21765 DildoBatman the Black Sun (level 13, 0/96 HPs)
             Began as a Formicid Wizard on Aug 22, 2020.
             Was a High Priest of Kikubaaqudgha.
             Slain by an angel
             ... wielding a +1 whip of holy wrath
              (2 damage)
             ... on level 3 of the Dungeon.
             The game lasted 01:04:14 (16013 turns).

DildoBatman the Black Sun (Formicid Wizard)        Turns: 16013, Time: 01:04:14

Health: 0/96       AC: 15    Str: 12    XL:     13   Next: 22%
Magic:  0/23       EV: 14    Int: 23    God:    Kikubaaqudgha [*****.]
Gold:   1230       SH:  5    Dex:  9    Spells: 5/26 levels left

rFire    + . .     SeeInvis +   D - staff of death
rCold    . . .     Gourm    .   S - +0 buckler
rNeg     + . .     Faith    .   j - +2 troll leather armour {Snorg}
rPois    +         Spirit   .   (helmet unavailable)
rElec    .         Reflect  .   V - +0 cloak
rCorr    +         Harm     .   n - +1 pair of gloves
MR       +....                  J - +3 pair of boots of Ohufaili {rPois}
Stlth    +.........             m - amulet of magic regeneration
HPRegen  0.66/turn              o - ring of resist corrosion
MPRegen  0.43/turn              L - ring of protection from fire

@: glowing
A: permanent stasis, dig shafts and tunnels, four strong arms, antennae 3
a: Dig, Shaft Self, Receive Corpses, Torment, Renounce Religion


You were on level 3 of the Dungeon.
You worshipped Kikubaaqudgha.
Kikubaaqudgha was extremely pleased with you.
You were very hungry.

You visited 3 branches of the dungeon, and saw 14 of its levels.

You collected 1514 gold pieces.
You spent 284 gold pieces at shops.

Inventory:

Hand Weapons
 a - the +7 hand axe "Beastbane" {vorpal, +Rage rF+ SInv}
   (You found it on level 10 of the Dungeon)

   It inflicts extra damage upon your enemies.
   It protects you from fire.
   It lets you see invisible.
   It lets you go berserk.
 b - a +0 hunting sling
 e - a +3 halberd
Missiles
 k - 391 stones
 r - 237 arrows
 y - 59 bolts
 C - 6 javelins
 M - 11 poisoned darts (quivered)
 U - 2 throwing nets
 X - 19 sling bullets
Armour
 j - a +2 troll leather armour (worn) {Snorg}
 n - a +1 pair of gloves (worn)
 J - the +3 pair of boots of Ohufaili (worn) {rPois}
   (You bought it in a shop on level 2 of the Orcish Mines)

   It protects you from poison.
 S - a +0 buckler (worn)
 V - a +0 cloak (worn)
Magical Staves
 D - an uncursed staff of death (weapon)
Jewellery
 g - an uncursed amulet of the acrobat
 m - an amulet of magic regeneration (around neck)
 o - a ring of resist corrosion (left hand)
 L - a ring of protection from fire (right hand)
Wands
 d - a wand of clouds (3)
 T - a wand of acid (11)
Scrolls
 h - a scroll of vulnerability {unknown}
 i - 2 scrolls of amnesia {unknown}
 p - 3 scrolls of magic mapping
 q - 2 scrolls of blinking {unknown}
 x - 9 scrolls of remove curse
 z - 2 scrolls of identify
 B - 2 scrolls of fog {unknown}
 E - a scroll of random uselessness {unknown}
 F - a scroll of immolation {unknown}
 H - a scroll of enchant armour {unknown}
 I - 3 scrolls of enchant weapon
 O - 5 scrolls of fear
Potions
 c - 4 potions of curing
 f - a potion of might {unknown}
 l - a potion of mutation {unknown}
 s - a potion of stabbing {unknown}
 t - 5 potions of magic
 u - 4 potions of resistance
 A - a potion of haste {unknown}
 G - 3 potions of lignification
 P - 2 potions of heal wounds {unknown}
 Q - a potion of flight {unknown}
Comestibles
 v - 15 rations


   Skills:
 * Level 7.5 Fighting
 * Level 7.5 Armour
 * Level 6.6 Dodging
 - Level 2.4 Stealth
 * Level 6.1 Shields
 - Level 7.3 Spellcasting
 - Level 6.0 Conjurations
   Level 1.0 Summonings
 - Level 9.0 Necromancy
   Level 0.8 Translocations
 - Level 5.0 Fire Magic
 - Level 5.0 Air Magic
 - Level 9.0 Earth Magic


You had 5 spell levels left.
You knew the following spells:

 Your Spells              Type           Power        Failure   Level  Hunger
a - Conjure Flame         Conj/Fire      ####....     3%          3    None
b - Borgnjor's Vile Clut  Necr/Erth      ######....   6%          5    #####..
c - Magic Dart            Conj           ####         1%          1    None
d - Vampiric Draining     Necr           ######....   1%          3    None
e - Mephitic Cloud        Conj/Pois/Air  ####....     6%          3    None
h - Dispel Undead         Necr           ######..     2%          4    ###....
z - Sublimation of Blood  Necr           ######....   1%          2    None

Your spell library contained the following spells:

 Spells                   Type           Power        Failure   Level  Hunger
 Animate Skeleton         Necr           N/A          1%          1    None
 Pain                     Necr           ####         1%          1    None
 Sandblast                Erth           #####.       1%          1    None
 Stone Arrow              Conj/Erth      #####.       1%          3    None
 Passwall                 Tmut/Erth      ####....     2%          2    None
 Animate Dead             Necr           N/A          2%          4    ###....
 Summon Small Mammal      Summ           ##..         6%          1    None
 Lee's Rapid Deconstruct  Erth           #####.....   6%          5    #####..
 Call Imp                 Summ           ##......     9%          2    None
 Slow                     Hex            #.......     14%         2    None
 Petrify                  Tmut/Erth      ####....     14%         4    ###....
 Call Canine Familiar     Summ           ##......     19%         3    None
 Summon Guardian Golem    Hex/Summ       ##......     22%         3    None
 Summon Lightning Spire   Summ/Air       ###.....     26%         4    ###....
 Summon Ice Beast         Ice/Summ       ##......     58%         4    ###....
 Death Channel            Necr           ######....   34%         6    ######.
 Simulacrum               Ice/Necr       #####.....   92%         6    ######.
 Blink                    Tloc           Unusable     N/A         2    N/A

Dungeon Overview and Level Annotations

Branches:
Dungeon (11/15)            Temple (1/1) D:4            Lair (0/6) D:8
    Orc (2/2) D:11            Elf (0/3) Orc:2

Altars:
Ashenzari
Cheibriados
Dithmenos
Elyvilon
Fedhas
Gozag
Hepliaklqana
Kikubaaqudgha
Makhleb
Nemelex Xobeh
Okawaru
Qazlal
Ru
Sif Muna
Trog
Uskayaw
Vehumet
Wu Jian
Xom
Yredelemnul
Zin
The Shining One
Beogh

Shops:
D:4 }   D:7 *   D:9 %   Orc:2 [*(:

Annotations:
D:3 1 runed translucent door, Elkerch's ghost, weakling CeAM


Innate Abilities, Weirdness & Mutations

You cannot be hasted, slowed, berserked, paralysed or teleported.
You can dig through walls and to a lower floor.
Your four strong arms can wield two-handed weapons with a shield.
You have a pair of large antennae on your head. (SInv)


Message History

The angel hits you but does no damage. The angel misses you.
The angel completely misses you.
The angel hits you with a +1 whip of holy wrath.
The angel hits you but does no damage. x2
Casting: Borgnjor's Vile Clutch (dangerous; 6% risk of failure)
Confirm with . or Enter, or press ? or * to list all spells.
Aiming: Borgnjor's Vile Clutch (dangerous; 6% risk of failure)
Press: ? - help, Shift-Dir - straight line, f/p - angel
Aim: an angel, wielding a +1 whip of holy wrath and wearing a +0 robe (moderately wounded, haloed)
You feel a surge of power!
Zombie hands grab the angel.
You are feeling very hungry.
The zombie hands constrict the angel!
The angel hits you with a +1 whip of holy wrath!!
The angel hits you with a +1 whip of holy wrath.
The angel hits you but does no damage.
The angel hits you with a +1 whip of holy wrath.
You die...
Kikubaaqudgha rasps: "You have failed me!
Welcome... death!"

[...........#######.# #
#.#####...........#.# # #...#
#.###..####.#.# #
#.#÷###.##......#.#.# #
#.#.#....#.#.##.#.#.#############
#.#.#.#..#.#..#.#................
#.#.#.#..#.#..#.#.#.#############
#.#.#.#..#.#..#.#.#.##########...
)...#+#..#.#)...@A.............##
#........#.#.<..#.#.############
#........#.##...#.........#
#.............#.#.........#
#.......##.#..............#
............<..###........#
.......#####..##⌠##..+#####
.......<.....##...##..#
#####.##....##..)..##.#


You could see an angel (clutched).

Vanquished Creatures
  An orc warlord (Orc:2)
  Snorg (Orc:1)
  2 dancing weapons (D:5)
  A two-headed ogre (D:7)
  Urug (Orc:2)
  An orc high priest (Orc:2)
  4 orc knights
  An ugly thing (D:11)
  2 orc sorcerers (Orc:2)
  2 cyclopes
  Maurice (D:9)
  3 gargoyles
  7 trolls
  2 hippogriffs
  3 yaks (D:10)
  A wraith (D:11)
  A wyvern (D:11)
  Grum (D:11)
  A hungry ghost (D:9)
  5 wargs
  A soldier ant (D:10)
  2 ice beasts
  24 orc warriors
  A black bear (D:8)
  11 ogres
  2 eyes of draining (D:6)
  A phantom (D:10)
  2 sky beasts
  6 centaurs
  4 wolves (D:11)
  A crocodile (D:11)
  A big kobold (D:11)
  3 bullfrogs
  A water moccasin zombie (D:5)
  4 scorpions
  3 killer bees (D:9)
  14 wights
  6 howler monkeys
  5 crimson imps
  8 hounds
  2 jellies
  17 orc priests
  2 quasits
  A centaur skeleton (D:5)
  Crazy Yiuf (D:5)
  Terence (D:2)
  An iguana (D:8)
  23 orc wizards
  8 worker ants
  A killer bee zombie (D:9)
  A hound zombie (D:5)
  A hound skeleton (D:4)
  A howler monkey zombie (D:9)
  2 worker ant zombies
  7 gnolls
  15 adders
  3 shadow imps
  An ooze (D:1)
  An adder skeleton (D:9)
  3 worms
  3 dart slugs
  8 leopard geckos
  50 orcs
  5 giant cockroaches
  6 goblins
  12 hobgoblins
  15 jackals
  8 quokkas
  A ball python (D:2)
  8 bats
  3 frilled lizards
  A jackal skeleton (D:6)
  A jackal zombie (D:6)
  13 kobolds
  A leopard gecko skeleton (D:4)
  A quokka skeleton (D:5)
  2 quokka zombies
  11 rats
  A plant (D:8)
383 creatures vanquished.

Vanquished Creatures (collateral kills)
  An orc priest (D:8)
1 creature vanquished.

Vanquished Creatures (others)
  A killer bee (D:9)
1 creature vanquished.

Grand Total: 385 creatures vanquished

Notes
Turn   | Place    | Note
-------+----------+-------------------------------------------
     0 | D:1      | DildoBatman the Formicid Wizard began the quest for the
                  | Orb.
     0 | D:1      | Reached XP level 1. HP: 13/13 MP: 4/4
     5 | D:1      | Reached skill level 1 in Conjurations
   160 | D:1      | Reached XP level 2. HP: 13/19 MP: 0/6
   620 | D:1      | Reached XP level 3. HP: 20/24 MP: 4/7
   636 | D:1      | Learned a level 3 spell: Conjure Flame
   640 | D:1      | Learned a level 3 spell: Mephitic Cloud
  1365 | D:2      | Noticed Terence
  1533 | D:2      | Reached XP level 4. HP: 30/30 MP: 3/8
  2360 | D:2      | Reached XP level 5. HP: 24/35 MP: 5/9
  2495 | D:3      | Found a runed translucent door.
  2495 | D:3      | Noticed Elkerch's ghost (weakling CeAM)
  2650 | D:3      | Found an ancient bone altar of Kikubaaqudgha.
  2666 | D:3      | Became a worshipper of Kikubaaqudgha
  2845 | D:3      | Reached XP level 6. HP: 40/41 MP: 0/10
  2948 | D:3      | Found a blossoming altar of Fedhas.
  3097 | D:3      | Reached skill level 5 in Conjurations
  3151 | D:3      | Found a sacrificial altar of Ru.
  3453 | D:3      | Found a glowing silver altar of Zin.
  3454 | D:3      | Noticed an angel
  3680 | D:2      | Killed Terence
  3878 | D:4      | Found Fydap's Gadget Emporium.
  3927 | D:4      | Reached XP level 7. HP: 29/46 MP: 4/11
  3970 | D:4      | Reached skill level 1 in Fire Magic
  3990 | D:4      | Reached skill level 1 in Air Magic
  4227 | D:4      | Found a shattered altar of Ashenzari.
  4249 | D:4      | Found a staircase to the Ecumenical Temple.
  4258 | Temple   | Entered the Ecumenical Temple
  4844 | D:5      | Entered Level 5 of the Dungeon
  4980 | D:5      | Reached * piety under Kikubaaqudgha
  4980 | D:5      | Identified Kikubaaqudgha's Collected Works on Darkness
                  | (Kikubaaqudgha gifted it to you on level 5 of the Dungeon)
  4980 | D:5      | Received a gift from Kikubaaqudgha
  4997 | D:5      | Reached XP level 8. HP: 35/52 MP: 6/12
  5127 | D:5      | Found a hide-covered altar of Uskayaw.
  5130 | D:5      | Noticed a +0 dagger
  5131 | D:5      | Noticed a +0 dagger
  5348 | D:5      | Found a runed translucent door.
  5349 | D:5      | Noticed Crazy Yiuf
  5392 | D:5      | Killed Crazy Yiuf
  5979 | D:6      | Reached skill level 5 in Fire Magic
  6031 | D:6      | Found a bloodstained altar of Trog.
  6226 | D:6      | Reached skill level 5 in Air Magic
  6226 | D:6      | Reached XP level 9. HP: 40/57 MP: 2/13
  6545 | D:6      | Reached ** piety under Kikubaaqudgha
  6560 | D:6      | Reached skill level 1 in Fighting
  6560 | D:6      | Reached skill level 1 in Armour
  6968 | D:7      | Found Gaerch's Lightly-Used Armoury.
  7036 | D:7      | Found a stormy altar of Qazlal.
  8158 | D:8      | Noticed a two-headed ogre
  8258 | D:7      | Killed a two-headed ogre
  8258 | D:7      | Reached XP level 10. HP: 52/73 MP: 6/14
  8514 | D:8      | Noticed a gargoyle
  8734 | D:8      | Reached skill level 5 in Fighting
  8734 | D:8      | Reached skill level 5 in Armour
  8801 | D:8      | Reached skill level 5 in Dodging
  8985 | D:8      | Reached *** piety under Kikubaaqudgha
  8985 | D:8      | Identified Kikubaaqudgha's Disquisition on Unholy Rites
                  | (Kikubaaqudgha gifted it to you on level 8 of the Dungeon)
  8985 | D:8      | Received a gift from Kikubaaqudgha
  8992 | D:8      | Learned a level 4 spell: Dispel Undead
  9034 | D:8      | Found a staircase to the Lair.
  9189 | D:8      | Reached skill level 1 in Necromancy
  9341 | D:8      | Found a burning altar of Makhleb.
  9538 | D:8      | Found a sparkling altar of Nemelex Xobeh.
  9696 | D:9      | Found Myviuteeg's Food Shoppe.
  9859 | D:9      | Noticed Maurice
 10044 | D:9      | Killed Maurice
 10158 | D:9      | Reached skill level 5 in Necromancy
 10397 | D:9      | Found an ornate altar of the Wu Jian Council.
 10506 | D:9      | Found a radiant altar of Vehumet.
 10518 | D:9      | Found a glowing silver altar of Zin.
 10518 | D:9      | Found a hazy altar of Hepliaklqana.
 10520 | D:9      | Found a shimmering altar of Xom.
 10520 | D:9      | Found a stormy altar of Qazlal.
 10520 | D:9      | Found a shimmering altar of Xom.
 10743 | D:10     | Entered Level 10 of the Dungeon
 10815 | D:10     | Reached XP level 11. HP: 72/81 MP: 3/16
 11001 | D:10     | Learned a level 5 spell: Borgnjor's Vile Clutch
 11172 | D:10     | Got a fine hand axe
 11190 | D:10     | Identified the +7 hand axe "Beastbane" {vorpal, +Rage rF+
                  | SInv} (You found it on level 10 of the Dungeon)
 11245 | D:10     | Reached **** piety under Kikubaaqudgha
 11262 | D:10     | Reached skill level 1 in Earth Magic
 11830 | D:11     | Noticed a cyclops
 11879 | D:11     | Killed a cyclops
 12151 | D:11     | Noticed Grum
 12166 | D:11     | Killed Grum
 12213 | D:11     | Noticed a red ugly thing
 12232 | D:11     | Killed a red ugly thing
 12232 | D:11     | Reached skill level 5 in Earth Magic
 12629 | D:11     | Learned a level 3 spell: Vampiric Draining
 13120 | D:11     | Found a staircase to the Orcish Mines.
 13449 | Orc:1    | Entered Level 1 of the Orcish Mines
 13449 | Orc:1    | Noticed Snorg
 13458 | Orc:1    | Killed Snorg
 13507 | Orc:1    | Reached XP level 12. HP: 77/87 MP: 14/18
 13533 | Orc:1    | Reached ***** piety under Kikubaaqudgha
 13573 | Orc:1    | Reached skill level 5 in Spellcasting
 14042 | Orc:2    | Entered Level 2 of the Orcish Mines
 14091 | Orc:2    | Found a roughly hewn altar of Beogh.
 14239 | Orc:2    | Found a staircase to the Elven Halls.
 14544 | Orc:2    | Noticed an orc high priest
 14564 | Orc:2    | Killed an orc high priest
 14684 | Orc:2    | Learned a level 2 spell: Sublimation of Blood
 14689 | Orc:2    | Noticed an orc warlord
 14763 | Orc:2    | Killed an orc warlord
 14918 | Orc:2    | Reached skill level 5 in Shields
 14970 | Orc:2    | Found a roughly hewn altar of Beogh.
 14971 | Orc:2    | Noticed a sun demon
 14989 | Orc:2    | Reached XP level 13. HP: 95/95 MP: 18/23
 14998 | Orc:2    | Noticed Urug
 15046 | Orc:2    | Killed Urug
 15131 | Orc:2    | Found Onkeleam's Antique Armour Boutique.
 15153 | Orc:2    | Bought a pair of fading boots for 218 gold pieces
 15162 | Orc:2    | Found Fiyrosod's Antique Weapon Boutique.
 15255 | Orc:2    | Found Uheor's Book Boutique.
 15487 | Orc:2    | Found Licenehosi's General Store.
 15494 | Orc:2    | Bought a scroll of magic mapping for 42 gold pieces
 15494 | Orc:2    | Bought a scroll of identify for 24 gold pieces
 15945 | D:3      | Identified the +3 pair of boots of Ohufaili {rPois} (You
                  | bought it in a shop on level 2 of the Orcish Mines)
 16013 | D:3      | HP: 2/96 [angel/+1 whip of holy wrath (4)]
 16013 | D:3      | Slain by an angel

Illustrated notes

Levels and vault maps discovered:
D:1:      minmay_arrival_plants_in_alcoves, layout_basic
D:2:      layout_loops_ring, minmay_misc_feat_enclosed, uniq_terence
D:3:      layout_basic, nicolae_overflow_hidden_temple, zin_angel,
          nicolae_ru_sacrificial_ziggurat, hellmonk_ghost_happy_afterlife,
          fedhas_altar_2
D:4:      layout_cave_pools, cheibrodos_ashenzari_chains,
          minmay_temple_entry_glass, kennysheep_windowed_goal
D:5:      layout_basic, dancing_weapons_uskayaw, first_ration,
          uniq_crazy_yiuf_cottage
D:6:      layout_cave_pods, trog_eyes_of_draining, kennysheep_generic_room_7
D:7:      layout_loops_corners, grunt_qazlal_sundering, grunt_ogre_cave,
          minmay_shop_damaged, roderic_roman_lattice
D:8:      layout_rooms, kennysheep_mini_moat, nemelex_altar_shiori,
          erik_lair_orcish_takeover, glass_columns_a
D:9:      layout_roguey, lemuel_crystal_altar, serial_shops, nicolae_shop_stone,
          doesnt_xom_only_xom, uniq_maurice
D:10:     layout_loops_corners
D:11:     layout_cave_pools, orc_0_dummy, uniq_grum
Temple:   minmay_temple_forest_path
Orc:1:    layout_diamond_mine, uniq_snorg
Orc:2:    grunt_orc_cross, layout_diamond_mine, david_defended_altar_orc

Skill      XL: |  1  2  3  4  5  6  7  8  9 10 11 12 13 |
---------------+----------------------------------------+-----
Conjurations   | 1 2 3 4 6 |  6.0
Fire Magic     | 3 5 |  5.0
Air Magic      | 2 5 |  5.0
Dodging        | 4 5 6 |  6.6
Fighting       | 4 5 6 7 |  7.5
Armour         | 4 5 6 7 |  7.5
Shields        | 3 5 6 |  6.1
Necromancy     | 6 8 9 |  9.0
Spellcasting   | 4 7 |  7.3
Earth Magic    | 8 9 |  9.0
Stealth        | |  2.4
Summonings     | |  1.0
Translocations | |  0.8

Action                   |  1- 3 |  4- 6 |  7- 9 | 10-12 | 13-15 || total
-------------------------+-------+-------+-------+-------+-------++-------
Melee: Club              |    12 |    18 |       |       |       ||    30
       Short sword       |       |    32 |       |       |       ||    32
       Falchion          |       |    37 |       |       |       ||    37
       Hand axe          |       |    53 |   272 |   351 |    10 ||   686
       Trident           |       |       |    19 |     7 |       ||    26
       Spear             |       |       |    45 |    18 |       ||    63
       Halberd           |       |       |       |     4 |       ||     4
 Fire: Hunting sling     |       |       |       |   339 |    11 ||   350
Throw: Dart              |    18 |    10 |    98 |    30 |       ||   156
       Stone             |       |       |     4 |     4 |       ||     8
       Boomerang         |       |       |       |    47 |       ||    47
 Cast: Magic Dart        |    75 |    87 |    57 |    23 |       ||   242
       Mephitic Cloud    |       |     6 |    22 |    37 |     2 ||    67
       Conjure Flame     |       |     1 |    15 |    52 |       ||    68
       Dispel Undead     |       |       |       |     9 |       ||     9
       Borgnjor's Vile C |       |       |       |    71 |    20 ||    91
       Vampiric Draining |       |       |       |     7 |       ||     7
       Sublimation of Bl |       |       |       |     3 |       ||     3
 Abil: Dig               |     1 |     6 |    15 |    24 |     2 ||    48
  Use: Scroll            |       |       |     1 |     9 |       ||    10
       Potion            |       |       |       |     3 |       ||     3
 Stab: Confused          |       |     3 |     8 |     6 |       ||    17
       Sleeping          |       |       |     1 |       |       ||     1
  Eat: Chunk             |     1 |     9 |    19 |    55 |     4 ||    88
       Ration            |       |       |       |       |     1 ||     1
Armor: Robe              |     5 |    19 |       |       |       ||    24
       Leather armour    |       |    34 |    97 |   102 |       ||   233
       Troll leather arm |       |       |       |    21 |    22 ||    43
Dodge: Dodged            |    20 |    94 |   200 |   268 |    20 ||   602
Block: Buckler           |       |       |     5 |    63 |     6 ||    74
       Rpst.: Falchion   |       |     5 |       |       |       ||     5
